 Dungeon Sprint DCSS version 0.17.2-1-ge4368a0 (webtiles) character file.

82529 mopl the Imperceptible (level 14, -2/81 (82) HPs)
             Began as a Spriggan Assassin on Aug 21, 2016.
             Was the Champion of Trog.
             Engulfed by a cloud of foul pestilence (7 damage)
             ... in the Dungeon (Sprint III: "The Ten Rune Challenge") on Aug 22, 2016.
             The game lasted 00:34:38 (5139 turns).

mopl the Imperceptible (Spriggan Assassin)          Turns: 5139, Time: 00:34:38

HP:   -2/81 (82)    AC: 11    Str: 13    XL:     14   Next: 34%
MP:   22/22         EV: 36    Int: 12    God:    Trog [******]
Gold: 2921          SH:  0    Dex: 22    Spells: 0 memorised, 13 levels left

rFire  + . .     SeeInvis +     a - +9 short sword "Colerch" {pierce, Str+4}
rCold  + . .     Clarity  .     t - +2 robe {rC+ rF+}
rNeg   . . .     SustAt   .     (shield restricted)
rPois  +         Gourm    .     K - +1 hat
rElec  .         Spirit   .     V - +1 cloak
rCorr  .         Warding  .     (gloves unavailable)
rMut   .         NoTele   +     (boots unavailable)
MR     ++...                    y - amulet of faith {!P}
Stlth  ++++++++++               P - ring of poison resistance
                                p - ring of Gozag's Generosity {+Fly Str+2}

@: slowed, studying Short Blades, quick, very resistant to hostile enchantments,
uncannily stealthy
A: unfitting armour, rough black scales 1, see invisible, agile 1, dopey 1,
herbivore 3, speed 3, low mp 1, slow metabolism 2
a: Berserk, Trog's Hand, Brothers in Arms, Burn Spellbooks, Renounce Religion,
Evoke Flight
}: 2/10 runes: serpentine, barnacled


You were in the Dungeon.
You worshipped Trog.
Trog was exalted by your worship.
You were very full.

You visited 1 branch You collected 4178 gold pieces.
You spent 1257 gold pieces at shops.

Inventory:

Hand Weapons
 a - the +9 short sword "Colerch" (weapon) {pierce, Str+4}
   (Trog gifted it to you in the Dungeon)

   It inflicts extra damage upon your enemies.
   It affects your strength (+4).
 b - a +0 blowgun
 d - a +3 antimagic rapier
 k - a +2 rapier of venom
 R - a +5 quick blade
Missiles
 e - 5 poisoned needles
 f - 20 curare-tipped needles
 h - 9 silver tomahawks (quivered)
 v - 9 needles of frenzy
 A - 18 needles of confusion
 B - 37 needles of sleeping
 C - 7 tomahawks of dispersal
 J - 2 steel tomahawks
 L - 2 poisoned tomahawks
 O - 8 tomahawks of returning
 W - 11 needles of paralysis
Armour
 t - a +2 robe of resistance (worn)
 K - a +1 hat (worn)
 V - a +1 cloak (worn)
Rods
 z - a +4 rod of shadows (12/12) {!a}
   (You found it in the Dungeon)
Jewellery
 p - the ring of Gozag's Generosity (left hand) {+Fly Str+2}
   (You bought it in a shop in the Dungeon)

   [ring of strength]

   It affects your strength (+2).
   It lets you fly.
 r - an uncursed amulet of stasis {unknown}
 w - the amulet "Cuirib" {+Rage rPois Dex+4}
   (You found it in the Dungeon)

   [amulet of rage]

   It affects your dexterity (+4).
   It protects you from poison.
   It lets you go berserk.
 y - an amulet of faith (around neck) {!P}
 P - a ring of poison resistance (right hand)
Wands
 x - a wand of polymorph (12)
 G - a wand of heal wounds (3)
 I - a wand of hasting (4)
Scrolls
 m - a scroll of blinking
 q - a scroll of remove curse {unknown}
 u - a scroll of holy word {unknown}
 F - 2 scrolls of torment {!r}
 Q - 10 scrolls of identify
 T - a scroll of magic mapping {unknown}
 X - 2 scrolls of silence {unknown}
 Y - 3 scrolls of amnesia {unknown}
Potions
 i - 2 potions of heal wounds
 j - 2 potions of haste
 l - 2 potions of berserk rage {!q}
 n - a potion of might
 s - 6 potions of cure mutation {!q}
 E - a potion of invisibility
 M - a potion of curing
 N - 2 potions of agility {unknown}
 S - 2 potions of cancellation
 U - a potion of lignification {!q}
Books
 H - a manual of Short Blades
Miscellaneous
 c - a phial of floods
 D - a lamp of fire
 Z - a box of beasts
Comestibles
 g - a bread ration
 o - 24 royal jellies


   Skills:
 + Level 13.6 Fighting
 - Level 14.0 Short Blades
 * Level 23.4 Throwing
 + Level 18.0 Dodging
 + Level 25.3 Stealth
 + Level 12.6 Evocations


You had 13 spell levels left.
You didn't know any spells.

Dungeon Overview and Level Annotations

Branches:
Dungeon (1/1)

Altars:
Cheibriados
Dithmenos
Elyvilon
Fedhas
Gozag
Kikubaaqudgha
Makhleb
Nemelex Xobeh
Okawaru
Qazlal
Ru
Sif Muna
Trog
Vehumet
Xom
Yredelemnul
Zin
The Shining One
Jiyva
Lugonu

Shops:
D !:(([!=


Innate Abilities, Weirdness & Mutations

You are tiny and cannot use many weapons and most armour.
You have supernaturally acute eyesight.
You are a herbivore.
You cover ground extremely quickly.
You need consume almost no food.
You are partially covered in rough black scales (AC +4, Dex -1).
You are agile. (Dex +2)
You are dopey. (Int -2)
Your magical capacity is low (-10% MP).


Message History

You open the door.
There is an open door here.
The helpless giant eyeball fails to defend itself.
You perforate the giant eyeball like a sieve!!!!!
You kill the giant eyeball!
Trog accepts your kill.
Q - 10 scrolls of identify You are engulfed in dark miasma.
You are lethally poisoned!
You feel your flesh rotting away!
You feel ill.
* * * LOW HITPOINT WARNING * * *
x2 You feel very sick.
Drink which item? (? for menu, Esc to quit)
You feel better.
You are engulfed in dark miasma.
You feel as though you will be slow longer.
* * * LOW HITPOINT WARNING * * *
You close the door.
You are engulfed in dark miasma.
You feel your flesh rotting away!
You die...

≈≈≈≈≈♣♣P.'.#)#.#.#.....%.#
♣♣♣♣♣♣♣PP##)#.#.##########
♣♣♣##'###############
♣♣♣♣♣♣♣♣♣#...).≈≈§§##!.≈≈≈#
≈≈≈≈..#()#..)#.≈≈≈≈#≈.≈#≈≈#
≈≈≈...#!!#...#.#§≈§##≈##≈≈#
≈≈≈≈####'#####[#)§≈§###≈§§#
≈....§§§§#.....###≈§≈§§§≈§#
..'#######.....#@#§≈§≈≈§≈§#
..#.)..)[#.....#+###§§§§≈§#
..#♣♣♣._)#.....#§§.#)≈§§≈≈#
##########§#####§§§###≈≈###
≈≈≈≈≈≈≈≈▓#.§§.§§§§§§(#)##
≈≈≈≈≈≈≈≈▓#§#############
†≈≈≈≈≈..▓#.# (.≈≈≈..†▓#.#
.≈≈≈≈≈..▓#.#


There were no monsters in sight!

Vanquished Creatures
  Sigmund (D)
  Rupert (D)
  A deep elf blademaster (D)
  Polyphemus (D)
  Gastronok (D)
  A greater naga (D)
  Ilsuiw (D)
  4 azure jellies (D)
  Maud (D)
  2 deep elf annihilators (D)
  Azrael (D)
  2 dire elephants (D)
  A merfolk javelineer (D)
  3 yaktaur captains (D)
  Josephine (D)
  A deep elf high priest (D)
  2 hydras (D)
  A naga warrior (D)
  4 anacondas (D)
  A centaur warrior (D)
  4 death yaks (D)
  A deep elf knight (D)
  3 orc high priests (D)
  A death drake (D)
  A skeletal warrior (D)
  A spriggan druid (D)
  A sea snake (D)
  An unseen horror (D)
  A lindwurm (D)
  A deep elf conjurer (D)
  2 orc sorcerers (D)
  8 black mambas (D)
  2 elephants (D)
  A guardian serpent (D)
  A spiny frog (D)
  Edmund (D)
  A yaktaur (D)
  A komodo dragon (D)
  A fire drake (D)
  2 deep elf priests (D)
  3 wandering mushrooms (D)
  A queen bee (D)
  8 blink frogs (D)
  A shadow (D)
  3 redbacks (D)
  2 spriggans (D)
  A spatial vortex (D)
  2 nagas (D)
  A water moccasin (D)
  A hydra simulacrum (D)
  A swamp drake (D)
  3 orc warriors (D)
  A necrophage (D)
  2 centaurs (D)
  An earth elemental (D)
  2 brain worms (D)
  A water elemental (D)
  32 killer bees (D)
  An orc wizard (D)
  An electric eel (D)
  A jelly (D)
  3 orc priests (D)
  Jessica (D)
  A necromancer (D)
  A wolf simulacrum (D)
  A polar bear simulacrum (D)
  A wizard (D)
  3 sheep (D)
  3 humans (D)
  A kobold demonologist (D)
  7 adders (D)
  A giant eyeball (D)
  An ooze (D)
  A phantom (D)
  8 orcs (D)
  A rat (D)
  2 plants (D)
171 creatures vanquished.

Vanquished Creatures (collateral kills)
  A deep elf annihilator (D)
  A deep elf demonologist (D)
  An anaconda (D)
  A large abomination (D)
  A deep elf conjurer (D)
  A black mamba (D)
  A spiny frog (D)
  A deep elf priest (D)
8 creatures vanquished.

Vanquished Creatures (others)
  2 draconian scorchers (D)
  Nessos (D)
  A deep elf death mage (D)
  3 yaktaurs (D)
  An orc high priest (D)
  An orc (D)
  17 plants (D)
26 creatures vanquished.

Grand Total: 205 creatures vanquished

Notes
Turn   | Place    | Note
--------------------------------------------------------------
     0 | D        | mopl the Spriggan Assassin began the quest for the Orb.
     0 | D        | Reached XP level 1. HP: 10/10 MP: 2/2
     9 | D        | Reached skill level 3 in Throwing
     9 | D        | Reached skill level 6 in Stealth
    24 | D        | Noticed Jessica
    28 | D        | Killed Jessica
    28 | D        | Reached skill level 5 in Throwing
    28 | D        | Reached skill level 8 in Stealth
    28 | D        | Reached XP level 2. HP: 14/14 MP: 3/3
    28 | D        | Reached XP level 3. HP: 18/18 MP: 4/4
    50 | D        | Killed a yaktaur
    78 | D        | Reached skill level 6 in Throwing
   220 | D        | Killed a white draconian scorcher
   267 | D        | Gained mutation: You are partially covered in rough black scales (AC +4, Dex -1). [potion of mutation]
   267 | D        | Gained mutation: Your magical capacity is low (-10% MP). [potion of mutation]
   267 | D        | Gained mutation: You are dopey. (Int -2) [potion of mutation]
   268 | D        | Gained mutation: You are very dopey. (Int -4) [potion of mutation]
   268 | D        | Lost mutation: You are very dopey. (Int -4) [potion of mutation]
   268 | D        | Gained mutation: You are agile. (Dex +2) [potion of mutation]
   275 | D        | Noticed a water elemental
   307 | D        | Killed a white draconian scorcher
   459 | D        | Found an iron altar of Okawaru.
   460 | D        | Found a bloodstained altar of Trog.
   460 | D        | Noticed a human
   460 | D        | Noticed a human
   462 | D        | Killed a human
   462 | D        | Reached skill level 9 in Throwing
   462 | D        | Reached skill level 11 in Stealth
   462 | D        | Reached XP level 4. HP: 22/22 MP: 4/4
   462 | D        | Reached XP level 5. HP: 25/25 MP: 5/5
   463 | D        | Killed a human
   463 | D        | Reached skill level 11 in Throwing
   463 | D        | Reached skill level 12 in Stealth
   463 | D        | Reached XP level 6. HP: 30/30 MP: 6/6
   469 | D        | Became a worshipper of Trog the Wrathful
   475 | D        | Found a glowing silver altar of Zin.
   476 | D        | Found a glowing golden altar of the Shining One.
   476 | D        | Found a white marble altar of Elyvilon.
   476 | D        | Noticed a deep elf priest
   478 | D        | Killed a deep elf priest
   478 | D        | Reached skill level 12 in Throwing
   478 | D        | Reached skill level 14 in Stealth
   478 | D        | Reached XP level 7. HP: 33/33 MP: 7/7
   491 | D        | Found a snail-covered altar of Cheibriados.
   491 | D        | Noticed a necrophage
   492 | D        | Found a basalt altar of Yredelemnul.
   492 | D        | Found a blossoming altar of Fedhas.
   492 | D        | Noticed a necromancer
   493 | D        | Killed a necrophage
   494 | D        | Killed a necromancer
   494 | D        | Reached * piety under Trog
   507 | D        | Found a radiant altar of Vehumet.
   508 | D        | Noticed a wizard
   508 | D        | Found a deep blue altar of Sif Muna.
   508 | D        | Found an ancient bone altar of Kikubaaqudgha.
   510 | D        | Reached ** piety under Trog
   514 | D        | Killed a wizard
   514 | D        | Reached *** piety under Trog
   586 | D        | Killed a water elemental
   586 | D        | Reached skill level 13 in Throwing
   661 | D        | Noticed a jelly
   662 | D        | Noticed a shadow
   664 | D        | Killed a shadow
   664 | D        | Reached skill level 2 in Fighting
   664 | D        | Reached skill level 3 in Short Blades
   664 | D        | Reached skill level 15 in Stealth
   668 | D        | Killed a jelly
   698 | D        | Found a stormy altar of Qazlal.
   699 | D        | Found a sacrificial altar of Ru.
   699 | D        | Found a burning altar of Makhleb.
   699 | D        | Found a viscous altar of Jiyva.
   699 | D        | Found a shimmering altar of Xom.
   699 | D        | Found a shadowy altar of Dithmenos.
   699 | D        | Found a sparkling altar of Nemelex Xobeh.
   699 | D        | Found a corrupted altar of Lugonu.
   699 | D        | Found an opulent altar of Gozag.
   699 | D        | Noticed a spatial vortex
   702 | D        | Killed a spatial vortex
   702 | D        | Reached XP level 8. HP: 39/39 MP: 8/8
   715 | D        | Noticed Josephine
   718 | D        | Killed Josephine
   718 | D        | Received a gift from Trog
   718 | D        | Reached skill level 4 in Fighting
   718 | D        | Reached skill level 5 in Short Blades
   718 | D        | Reached skill level 14 in Throwing
   718 | D        | Reached skill level 16 in Stealth
   744 | D        | Noticed an earth elemental
   747 | D        | Killed an earth elemental
   747 | D        | Reached skill level 6 in Short Blades
   752 | D        | Noticed a centaur
   752 | D        | Noticed a centaur warrior
   752 | D        | Noticed a centaur
   754 | D        | Killed a centaur
   756 | D        | Killed a centaur warrior
   756 | D        | Reached **** piety under Trog
   756 | D        | Reached skill level 5 in Fighting
   756 | D        | Reached skill level 7 in Short Blades
   756 | D        | Reached skill level 15 in Throwing
   756 | D        | Reached skill level 17 in Stealth
   756 | D        | Reached XP level 9. HP: 44/47 MP: 9/9
   757 | D        | Killed a centaur
   757 | D        | Received a gift from Trog
   789 | D        | Noticed an unseen horror
   791 | D        | Killed an unseen horror
   791 | D        | Reached skill level 6 in Fighting
   791 | D        | Reached skill level 8 in Short Blades
   828 | D        | Noticed Sigmund
   828 | D        | Noticed Edmund
   857 | D        | Killed Sigmund
   857 | D        | Reached skill level 8 in Fighting
   857 | D        | Reached skill level 10 in Short Blades
   857 | D        | Reached skill level 17 in Throwing
   857 | D        | Reached skill level 19 in Stealth
   857 | D        | Reached XP level 10. HP: 18/56 MP: 10/10
   911 | D        | Killed Edmund
   911 | D        | Reached ***** piety under Trog
   911 | D        | Received a gift from Trog
   911 | D        | Reached skill level 2 in Dodging
   930 | D        | Killed a yaktaur
  1045 | D        | Noticed a wandering mushroom
  1049 | D        | Noticed a wandering mushroom
  1055 | D        | Killed a wandering mushroom
  1055 | D        | Reached skill level 3 in Dodging
  1058 | D        | Noticed a wandering mushroom
  1064 | D        | Killed a wandering mushroom
  1082 | D        | Killed a wandering mushroom
  1088 | D        | Noticed a spiny frog
  1088 | D        | Noticed a komodo dragon
  1088 | D        | Noticed a spiny frog
  1096 | D        | Killed a spiny frog
  1096 | D        | Reached skill level 4 in Dodging
  1119 | D        | Killed a spiny frog
  1137 | D        | Killed a komodo dragon
  1137 | D        | Received a gift from Trog
  1137 | D        | Reached XP level 11. HP: 60/60 MP: 10/10
  1165 | D        | Noticed an orc priest
  1165 | D        | Noticed an orc high priest
  1167 | D        | Noticed a yaktaur captain
  1169 | D        | Killed a yaktaur captain
  1169 | D        | Reached skill level 11 in Short Blades
  1169 | D        | Reached skill level 5 in Dodging
  1171 | D        | Noticed a yaktaur captain
  1171 | D        | Noticed a yaktaur
  1173 | D        | Killed a yaktaur captain
  1173 | D        | Reached skill level 18 in Throwing
  1173 | D        | Reached skill level 6 in Dodging
  1174 | D        | Noticed a yaktaur captain
  1176 | D        | Killed a yaktaur
  1176 | D        | Reached skill level 20 in Stealth
  1179 | D        | Killed a yaktaur captain
  1179 | D        | Reached skill level 9 in Fighting
  1179 | D        | Reached skill level 7 in Dodging
  1187 | D        | Noticed Azrael
  1213 | D        | Killed Azrael
  1213 | D        | Received a gift from Trog
  1381 | D        | Noticed a redback
  1383 | D        | Killed a redback
  1383 | D        | Reached skill level 8 in Dodging
  1384 | D        | Noticed a brain worm
  1387 | D        | Killed a brain worm
  1387 | D        | Received a gift from Trog
  1391 | D        | Noticed a brain worm
  1393 | D        | Killed a brain worm
  1393 | D        | Received a gift from Trog
  1397 | D        | Noticed a lindwurm
  1400 | D        | Noticed a redback
  1405 | D        | Killed a lindwurm
  1410 | D        | Killed a yaktaur
  1412 | D        | Killed a redback
  1412 | D        | Received a gift from Trog
  1420 | D        | Noticed a redback
  1421 | D        | Killed a redback
  1421 | D        | Received a gift from Trog
  1421 | D        | Reached skill level 12 in Short Blades
  1423 | D        | Noticed Maud
  1426 | D        | Killed Maud
  1426 | D        | Reached skill level 9 in Dodging
  1434 | D        | Noticed an electric eel
  1443 | D        | Killed an electric eel
  1447 | D        | Noticed an eight-headed hydra
  1447 | D        | Noticed an eight-headed hydra
  1460 | D        | Killed an eight-headed hydra
  1460 | D        | Reached ****** piety under Trog
  1460 | D        | Reached skill level 19 in Throwing
  1474 | D        | Killed an eight-headed hydra
  1474 | D        | Reached skill level 10 in Dodging
  1474 | D        | Reached skill level 21 in Stealth
  1487 | D        | Noticed a death drake
  1490 | D        | Killed a death drake
  1490 | D        | Reached skill level 10 in Fighting
  1492 | D        | Noticed Polyphemus
  1525 | D        | Noticed a swamp drake
  1525 | D        | Noticed a fire drake
  1526 | D        | Killed a fire drake
  1526 | D        | Received a gift from Trog
  1526 | D        | Reached XP level 12. HP: 67/67 MP: 11/11
  1528 | D        | Killed a swamp drake
  1536 | D        | Noticed a blink frog
  1537 | D        | Noticed a blink frog
  1538 | D        | Noticed a blink frog
  1539 | D        | Killed a blink frog
  1540 | D        | Noticed a blink frog
  1541 | D        | Noticed a blink frog
  1568 | D        | Killed a blink frog
  1568 | D        | Received a gift from Trog
  1569 | D        | Got a steaming short sword {god gift}
  1570 | D        | Identified the +9 short sword "Colerch" {pierce, Str+4} (Trog gifted it to you in the Dungeon)
  1586 | D        | Killed a blink frog
  1597 | D        | Killed a blink frog
  1615 | D        | Killed a blink frog
  1633 | D        | Noticed Rupert
  1637 | D        | Killed Rupert
  1637 | D        | Reached skill level 13 in Short Blades
  1637 | D        | Reached skill level 11 in Dodging
  1647 | D        | Noticed an azure jelly
  1647 | D        | Noticed an azure jelly
  1647 | D        | Noticed an azure jelly
  1647 | D        | Noticed an azure jelly
  1661 | D        | Noticed a death yak
  1662 | D        | Noticed a death yak
  1662 | D        | Noticed a blink frog
  1668 | D        | Noticed a death yak
  1669 | D        | Noticed a blink frog
  1673 | D        | Killed a death yak
  1674 | D        | Noticed a death yak
  1682 | D        | Killed a death yak
  1682 | D        | Received a gift from Trog
  1682 | D        | Reached skill level 20 in Throwing
  1686 | D        | Noticed a blink frog
  1688 | D        | Killed a death yak
  1688 | D        | Reached skill level 12 in Dodging
  1701 | D        | Killed a death yak
  1701 | D        | Received a gift from Trog
  1701 | D        | Reached skill level 22 in Stealth
  1706 | D        | Killed a blink frog
  1719 | D        | Noticed a black mamba
  1719 | D        | Noticed a black mamba
  1731 | D        | Killed a black mamba
  1731 | D        | Received a gift from Trog
  1735 | D        | Killed a black mamba
  1804 | D        | Killed a blink frog
  1871 | D        | Killed a blink frog
  1934 | D        | Noticed an elephant
  1935 | D        | Noticed an elephant
  1935 | D        | Noticed a dire elephant
  1935 | D        | Noticed a dire elephant
  1935 | D        | Noticed Gastronok
  1980 | D        | Killed an elephant
  1982 | D        | Killed a dire elephant
  1982 | D        | Reached skill level 11 in Fighting
  2006 | D        | Killed a dire elephant
  2006 | D        | Received a gift from Trog
  2006 | D        | Reached skill level 14 in Short Blades
  2006 | D        | Reached skill level 13 in Dodging
  2044 | D        | Killed an elephant
  2044 | D        | Received a gift from Trog
  2044 | D        | Reached skill level 1 in Evocations
  2079 | D        | Killed Gastronok
  2079 | D        | Received a gift from Trog
  2079 | D        | Reached skill level 3 in Evocations
  2144 | D        | Noticed a black mamba
  2144 | D        | Noticed a black mamba
  2150 | D        | Killed a black mamba
  2153 | D        | Killed a black mamba
  2153 | D        | Reached XP level 13. HP: 74/74 MP: 13/15
  2157 | D        | Noticed a black mamba
  2157 | D        | Noticed an anaconda
  2157 | D        | Noticed a black mamba
  2158 | D        | Noticed an anaconda
  2161 | D        | Killed a black mamba
  2161 | D        | Reached skill level 4 in Evocations
  2164 | D        | Killed a black mamba
  2166 | D        | Killed an anaconda
  2166 | D        | Reached skill level 21 in Throwing
  2166 | D        | Reached skill level 14 in Dodging
  2168 | D        | Received a gift from Trog
  2172 | D        | Killed an anaconda
  2172 | D        | Received a gift from Trog
  2172 | D        | Reached skill level 5 in Evocations
  2178 | D        | Got a transparent broad axe {god gift}
  2180 | D        | Noticed a black mamba
  2180 | D        | Noticed a water moccasin
  2180 | D        | Noticed an anaconda
  2180 | D        | Noticed a black mamba
  2180 | D        | Noticed an anaconda
  2180 | D        | Noticed an anaconda
  2181 | D        | Killed a black mamba
  2182 | D        | Noticed a black mamba
  2212 | D        | Killed an anaconda
  2212 | D        | Reached skill level 23 in Stealth
  2235 | D        | Killed an anaconda
  2237 | D        | Killed a black mamba
  2245 | D        | Killed an anaconda
  2245 | D        | Reached skill level 6 in Evocations
  2416 | D        | Killed a water moccasin
  2453 | D        | Killed a black mamba
  2462 | D        | Received a gift from Trog
  2466 | D        | Killed Nessos
  2472 | D        | Noticed a naga
  2472 | D        | Noticed a naga
  2473 | D        | Noticed a naga warrior
  2473 | D        | Noticed a greater naga
  2540 | D        | Killed a naga
  2565 | D        | Killed a greater naga
  2565 | D        | Reached skill level 7 in Evocations
  2571 | D        | Killed a naga
  2581 | D        | Found Ysicsant's Distillery.
  2581 | D        | Found Ypoa's Book Emporium.
  2585 | D        | Found Cauxziy's Antique Weapon Shop.
  2588 | D        | Killed a naga warrior
  2588 | D        | Reached skill level 12 in Fighting
  2596 | D        | Bought a potion of poison for 13 gold pieces
  2602 | D        | Noticed a guardian serpent
  2609 | D        | Killed a guardian serpent
  2609 | D        | Received a gift from Trog
  2612 | D        | Got a serpentine rune of Zot
  2693 | D        | Killed an azure jelly
  2693 | D        | Reached skill level 15 in Dodging
  2693 | D        | Reached skill level 8 in Evocations
  2703 | D        | Killed an azure jelly
  2724 | D        | Killed an azure jelly
  2724 | D        | Reached skill level 22 in Throwing
  2724 | D        | Reached skill level 9 in Evocations
  2729 | D        | Killed an azure jelly
  2729 | D        | Received a gift from Trog
  2729 | D        | Reached skill level 24 in Stealth
  2802 | D        | Noticed an orc warrior
  2803 | D        | Noticed an orc high priest
  2804 | D        | Noticed an orc warrior
  2804 | D        | Noticed an orc sorcerer
  2804 | D        | Noticed an orc priest
  2804 | D        | Noticed an orc wizard
  2804 | D        | Noticed an orc warrior
  2804 | D        | Noticed an orc priest
  2804 | D        | Noticed an orc sorcerer
  2805 | D        | Found Veckep's Antique Weapon Shoppe.
  2807 | D        | Received a gift from Trog
  2819 | D        | Killed an orc warrior
  2830 | D        | Killed an orc wizard
  2830 | D        | Received a gift from Trog
  2836 | D        | Killed an orc sorcerer
  2836 | D        | Received a gift from Trog
  2844 | D        | Killed an orc high priest
  2844 | D        | Reached skill level 16 in Dodging
  2849 | D        | Killed an orc sorcerer
  2870 | D        | Killed an orc priest
  2870 | D        | Received a gift from Trog
  2888 | D        | Killed an orc warrior
  2892 | D        | Killed an orc priest
  2945 | D        | Killed an orc warrior
  2976 | D        | Noticed a deep elf knight
  2976 | D        | Noticed a deep elf priest
  2976 | D        | Noticed a deep elf priest
  2976 | D        | Noticed a deep elf conjurer
  2976 | D        | Noticed a deep elf conjurer
  3007 | D        | Killed a deep elf priest
  3007 | D        | Received a gift from Trog
  3012 | D        | Reached skill level 10 in Evocations
  3040 | D        | Killed a deep elf knight
  3056 | D        | Killed a deep elf conjurer
  3095 | D        | Killed a deep elf conjurer
  3095 | D        | Received a gift from Trog
  3124 | D        | Killed a deep elf priest
  3151 | D        | Noticed a deep elf demonologist
  3195 | D        | Noticed a killer bee
  3195 | D        | Noticed a killer bee
  3195 | D        | Noticed a killer bee
  3195 | D        | Noticed a killer bee
  3195 | D        | Noticed a killer bee
  3195 | D        | Noticed a killer bee
  3195 | D        | Noticed a killer bee
  3195 | D        | Noticed a killer bee
  3195 | D        | Noticed a killer bee
  3195 | D        | Noticed a killer bee
  3195 | D        | Noticed a killer bee
  3195 | D        | Noticed a killer bee
  3195 | D        | Noticed a killer bee
  3195 | D        | Noticed a killer bee
  3195 | D        | Noticed a killer bee
  3196 | D        | Noticed a killer bee
  3196 | D        | Noticed a killer bee
  3196 | D        | Noticed a killer bee
  3196 | D        | Noticed a killer bee
  3196 | D        | Noticed a killer bee
  3196 | D        | Noticed a killer bee
  3196 | D        | Noticed a killer bee
  3196 | D        | Noticed a killer bee
  3196 | D        | Noticed a killer bee
  3196 | D        | Noticed a killer bee
  3196 | D        | Noticed a killer bee
  3196 | D        | Noticed a killer bee
  3196 | D        | Noticed a killer bee
  3196 | D        | Noticed a killer bee
  3196 | D        | Noticed a killer bee
  3196 | D        | Noticed a killer bee
  3196 | D        | Noticed a killer bee
  3196 | D        | Noticed a queen bee
  3197 | D        | Killed a killer bee
  3197 | D        | Received a gift from Trog
  3198 | D        | Killed a killer bee
  3205 | D        | Killed a killer bee
  3205 | D        | Killed a killer bee
  3205 | D        | Killed a killer bee
  3205 | D        | Killed a killer bee
  3205 | D        | Killed a killer bee
  3205 | D        | Killed a killer bee
  3205 | D        | Killed a killer bee
  3205 | D        | Killed a killer bee
  3205 | D        | Killed a killer bee
  3205 | D        | Killed a killer bee
  3205 | D        | Killed a killer bee
  3205 | D        | Killed a killer bee
  3205 | D        | Killed a killer bee
  3205 | D        | Killed a killer bee
  3205 | D        | Killed a killer bee
  3205 | D        | Killed a killer bee
  3205 | D        | Killed a killer bee
  3205 | D        | Killed a killer bee
  3205 | D        | Killed a killer bee
  3205 | D        | Killed a killer bee
  3205 | D        | Killed a killer bee
  3205 | D        | Killed a killer bee
  3205 | D        | Killed a killer bee
  3205 | D        | Killed a killer bee
  3205 | D        | Killed a killer bee
  3205 | D        | Killed a killer bee
  3205 | D        | Killed a killer bee
  3205 | D        | Killed a killer bee
  3205 | D        | Received a gift from Trog
  3205 | D        | Killed a killer bee
  3205 | D        | Killed a killer bee
  3205 | D        | Received a gift from Trog
  3205 | D        | Killed a queen bee
  3205 | D        | Received a gift from Trog
  3205 | D        | Received a gift from Trog
  3205 | D        | Received a gift from Trog
  3308 | D        | Noticed an orc high priest
  3308 | D        | Noticed an orc high priest
  3367 | D        | Killed an orc high priest
  3367 | D        | Received a gift from Trog
  3409 | D        | Killed an orc high priest
  3429 | D        | Killed an orc priest
  3432 | D        | Killed an orc high priest
  3826 | D        | Noticed Ilsuiw
  3827 | D        | Killed Polyphemus
  3827 | D        | Reached skill level 13 in Fighting
  3827 | D        | Reached XP level 14. HP: 80/82 MP: 19/20
  3864 | D        | Killed Ilsuiw
  3864 | D        | Received a gift from Trog
  3864 | D        | Reached skill level 17 in Dodging
  3864 | D        | Reached skill level 11 in Evocations
  3884 | D        | Found Hoapraxt's Antique Armour Emporium.
  3884 | D        | Noticed a sea snake
  3892 | D        | Killed a sea snake
  3910 | D        | Found Daidghips's Distillery.
  3911 | D        | Found Weng's Jewellery Shoppe.
  3912 | D        | Noticed a merfolk javelineer
  3938 | D        | Killed a merfolk javelineer
  3943 | D        | Bought the ring of Gozag's Generosity {+Fly Str+2} for 166 gold pieces
  3944 | D        | Bought an uncursed amulet of regeneration for 300 gold pieces
  3944 | D        | Bought an uncursed ring of poison resistance for 200 gold pieces
  3947 | D        | Bought a potion of cancellation for 112 gold pieces
  3947 | D        | Bought a potion of cancellation for 112 gold pieces
  3947 | D        | Bought a potion of lignification for 42 gold pieces
  3947 | D        | Bought a potion of curing for 42 gold pieces
  3947 | D        | Bought a potion of haste for 140 gold pieces
  3948 | D        | Bought an embroidered cloak for 130 gold pieces
  3973 | D        | Got a barnacled rune of Zot
  4082 | D        | Noticed a deep elf annihilator
  4082 | D        | Noticed a deep elf death mage
  4084 | D        | Noticed a deep elf annihilator
  4085 | D        | Noticed a deep elf high priest
  4087 | D        | Noticed a deep elf annihilator
  4088 | D        | Noticed a deep elf blademaster
  4089 | D        | Killed a deep elf annihilator
  4089 | D        | Reached skill level 23 in Throwing
  4092 | D        | Noticed a balrug
  4227 | D        | Noticed a Hell Sentinel
  4228 | D        | Killed a deep elf high priest
  4239 | D        | Killed a deep elf demonologist
  4239 | D        | Received a gift from Trog
  4269 | D        | Killed a deep elf death mage
  4276 | D        | Killed a deep elf annihilator
  4276 | D        | Reached skill level 25 in Stealth
  4353 | D        | Killed a deep elf annihilator
  4353 | D        | Reached skill level 12 in Evocations
  4395 | D        | Killed a deep elf blademaster
  4519 | D        | Identified a +4 rod of shadows (12/12) (You found it in the Dungeon)
  4640 | D        | Found a blossoming altar of Fedhas.
  4640 | D        | Noticed a spriggan
  4642 | D        | Noticed a spriggan druid
  4642 | D        | Noticed a spriggan
  4647 | D        | Killed a spriggan
  4647 | D        | Received a gift from Trog
  4665 | D        | Killed a spriggan
  4673 | D        | Killed a spriggan druid
  4673 | D        | Reached skill level 18 in Dodging
  4714 | D        | Noticed a wolf simulacrum
  4714 | D        | Noticed a polar bear simulacrum
  4715 | D        | Noticed a polar bear simulacrum
  4794 | D        | Noticed a seven-headed hydra simulacrum
  4802 | D        | Killed a seven-headed hydra simulacrum
  4807 | D        | Killed a wolf simulacrum
  4835 | D        | Got a bound diamond amulet
  4838 | D        | Received a gift from Trog
  4846 | D        | Received a gift from Trog
  4849 | D        | Identified the amulet "Cuirib" {+Rage rPois Dex+4} (You found it in the Dungeon)
  5038 | D        | Killed a polar bear simulacrum
  5116 | D        | Noticed a skeletal warrior
  5127 | D        | Killed a skeletal warrior
  5137 | D        | HP: 4/80 [poison (dark miasma)]
  5139 | D        | Engulfed by a cloud of foul pestilence

Action                   |  1- 3 |  4- 6 |  7- 9 | 10-12 | 13-15 || total
-------------------------+-------+-------+-------+-------+-------++-------
Melee: Dagger            |    20 |     2 |    36 |   104 |       ||   162
       Short sword       |       |       |       |    44 |   113 ||   157
 Fire: Blowgun           |     5 |       |       |    45 |    96 ||   146
Throw: Tomahawk          |       |       |       |     6 |    16 ||    22
Invok: Berserk           |       |       |     3 |     3 |       ||     6
       Burn Spellbooks   |       |       |     1 |       |     2 ||     3
       Trog's Hand       |       |       |     1 |     1 |     1 ||     3
       Brothers in Arms  |       |       |       |     1 |     2 ||     3
 Abil: Evoke Flight      |       |       |       |       |     7 ||     7
       Stop Flying       |       |       |       |       |     1 ||     1
Evoke: Phial of floods   |       |       |       |       |     1 ||     1
  Use: Potion            |     2 |       |     1 |     2 |     2 ||     7
       Scroll            |     2 |       |       |     2 |     4 ||     8
 Stab: Sleeping          |     4 |     2 |    11 |    34 |    44 ||    95
       Distracted        |       |       |       |     4 |     6 ||    10
       Paralysed         |       |       |       |       |     5 ||     5
  Eat: Royal jelly       |       |       |       |     2 |     1 ||     3
       Fruit             |       |       |       |     3 |     7 ||    10
       Pizza             |       |       |       |       |     1 ||     1
